 Dungeon Crawl Stone Soup version 0.29-a0-416-g83a48905f1 (webtiles) character file.

Game seed: 5543484580299215638

2609 siradein the Cleaver (level 9, -5/86 HPs)
             Began as a Hill Orc Fighter on May 16, 2022.
             Was an Initiate of Yredelemnul.
             Slain by an orc warrior
             ... wielding a +0 war axe
              (11 damage)
             ... on level 6 of the Dungeon.
             The game lasted 00:22:15 (7473 turns).

siradein the Cleaver (Hill Orc Fighter)             Turns: 7473, Time: 00:22:16

Health: -5/86      AC: 11    Str: 29    XL:     9   Next: 59%
Magic:  9/9        EV:  9    Int:  8    God:    Yredelemnul [......]
Gold:   320        SH:  4    Dex: 10    Spells: 8/8 levels left

rFire   . . .      SeeInvis .   a - +0 war axe
rCold   . . .      Faith    +   c - +0 buckler
rNeg    + . .      Spirit   .   b - +0 scale mail
rPois   .          Reflect  .   (no helmet)
rElec   .          Harm     .   D - +1 cloak
rCorr   .          Rampage  .   (no gloves)
Will    .....                   y - +0 pair of boots
Stlth   ..........              p - amulet of faith
HPRegen 0.24/turn               f - +6 ring of strength
MPRegen 0.11/turn               w - ring of positive energy

@: weak-willed
A: no striking features
a: Renounce Religion, Convert to Beogh, Recall Undead Harvest


You were on level 6 of the Dungeon.
You worshipped Yredelemnul.
Yredelemnul was noncommittal.
You visited 1 branch of the dungeon, and saw 7 of its levels.

You collected 320 gold pieces.

Inventory:

Hand Weapons
 a - a +0 war axe (weapon)
Missiles
 u - 8 boomerangs (quivered)
 v - 6 poisoned darts
Armour
 b - a +0 scale mail (worn)
 c - a +0 buckler (worn)
 y - a +0 pair of boots (worn)
 D - a +1 cloak (worn)
Jewellery
 f - a +6 ring of strength (left hand)
 p - an amulet of faith (around neck)
 w - a ring of positive energy (right hand)
Wands
 n - a wand of iceblast (9)
Scrolls
 i - 2 scrolls of amnesia
 j - 2 scrolls of vulnerability
 l - 3 scrolls of fear {unknown}
 m - 2 scrolls of blinking {unknown}
 o - a scroll of brand weapon {unknown}
 q - 3 scrolls of magic mapping {unknown}
 x - a scroll of teleportation {unknown}
 z - a scroll of enchant weapon {unknown}
 A - a scroll of poison {unknown}
Potions
 d - 2 potions of might
 h - a potion of lignification
 k - a potion of ambrosia
 r - a potion of haste
 s - 3 potions of curing
 t - 3 potions of mutation
 B - a potion of brilliance {unknown}
 C - a potion of invisibility {unknown}


   Skills:
 + Level 10.5 Fighting
 + Level 11.1 Axes
 + Level 6.4 Armour
 - Level 3.2 Shields


You had 8 spell levels left.
You didn't know any spells.
Your spell library contained the following spells:

 Spells                   Type           Power      Damage    Failure   Level
 Animate Skeleton         Necr           0%         N/A       75%         1
 Apportation              Tloc           0%         N/A       75%         1
 Sandblast                Erth           0%         2d4       75%         1
 Summon Small Mammal      Summ           0%         N/A       75%         1
 Passwall                 Tmut/Erth      0%         N/A       86%         2
 Call Canine Familiar     Summ           0%         N/A       98%         3
 Portal Projectile        Hex/Tloc       0%         N/A       98%         3
 Stone Arrow              Conj/Erth      0%         3d7       98%         3
 Leda's Liquefaction      Hex/Erth       0%         N/A       100%        4
 Alistair's Intoxication  Tmut/Pois      0%         N/A       100%        5
 Borgnjor's Vile Clutch   Necr/Erth      0%         N/A       100%        5
 Eringya's Noxious Bog    Tmut/Pois      0%         N/A       100%        6


Dungeon Overview and Level Annotations

Branches:
Dungeon (7/15)             Temple (0/1) D:6

Altars:
Fedhas
Gozag
Hepliaklqana
Nemelex Xobeh
Okawaru
Sif Muna
Xom
Yredelemnul
Zin

Annotations:
D:6 3 runed translucent doors, croobank's ghost, novice GnFE


Message History

* * * LOW HITPOINT WARNING * * *
You climb upwards.
Level annotation: 3 runed translucent doors, croobank's ghost, novice GnFE You feel sick.
You are no longer poisoned.
There is a stone staircase leading down here.
Unknown command.
Okay, then.
You feel much better.
The orc priest threatens, "By the altar or by the axe, you will meet Beogh!"
The orc priest barely misses you.
The orc warrior hits you with a +0 war axe!
* * * LOW HITPOINT WARNING * * *
The orc priest mumbles some strange prayers to Beogh against you.
Pain shoots through your body!
* * * LOW HITPOINT WARNING * * *
The orc hits you but does no damage.
Unknown command.
Unknown command.
Unknown command.
Okay, then.
As you read the scroll labelled PIDASE ZAET ARHA, it crumbles to dust.
You hear a loud clanging noise!
It was a scroll of noise.
The orc priest barely misses you. The orc warrior completely misses you.
The orc priest hits you but does no damage.
The orc barely misses you.
As you read the scroll labelled MAABRA MUDUISA, it crumbles to dust.
It is a scroll of amnesia.
You feel forgetful for a moment. The orc priest barely misses you.
You block the orc warrior's attack.
The orc priest threatens, "By the altar or by the axe, you will meet Beogh!"
The orc priest hits you but does no damage.
The orc hits you but does no damage.
As you read the scroll labelled YFEORI FYETEM, it crumbles to dust.
Magic quickly surges around you.
It was a scroll of vulnerability.
The orc priest closely misses you.
The orc warrior hits you with a +0 war axe!
You die...
Your body rises from the dead as a mindless zombie.

#......#.....>......'.......#
.......##'######+####....)..#
......................#######
......................'....#
......................#....#
......................#....#
#.....................#....#
##'########'###o.o....#....#
......#.......#.@o....#....#
......#.......#o......#....#
......#.......#.......'....#
......#.......#.......#....#
#########...###.......#....#
##....###...#.......###....#
##..........#.......#......#
............#.......#......#
...[........#.......#......#


You could see an orc warrior (weak-willed), 2 orc priests and an orc
(weak-willed).

Vanquished Creatures
  A water moccasin (D:7)
  3 ogres
  A phantom (D:6)
  2 bullfrogs
  2 scorpions
  4 wights
  Dowan (D:5)
  A howler monkey (D:5)
  4 hounds
  3 orc priests
  Crazy Yiuf (D:3)
  7 orc wizards
  6 adders
  7 gnolls
  A white imp (D:5)
  2 ufetubi
  A worm (D:3)
  4 dart slugs
  20 orcs
  4 bats
  4 endoplasms
  2 giant cockroaches
  5 goblins
  6 hobgoblins
  3 jackals (D:3)
  3 quokkas
  8 ball pythons
  3 frilled lizards
  7 kobolds
  5 rats
121 creatures vanquished.

Vanquished Creatures (collateral kills)
  A two-headed ogre (D:6)
  Prince Ribbit (D:6)
  Duvessa (D:5)
  An ogre (D:5)
  A gnoll shaman (D:6)
  2 gnolls (D:6)
  3 orcs
10 creatures vanquished.

Vanquished Creatures (others)
  A bullfrog zombie (D:7)
  An ogre zombie (D:5)
  A hound zombie (D:5)
  A howler monkey zombie (D:5)
  An elf zombie (D:5)
  4 gnoll zombies (D:6)
  12 orc zombies
21 creatures vanquished.

Grand Total: 152 creatures vanquished

Notes
Turn   | Place    | Note
-------+----------+-------------------------------------------
     0 | D:1      | siradein the Hill Orc Fighter began the quest for the Orb.
     0 | D:1      | Reached XP level 1. HP: 19/19 MP: 1/1
   194 | D:1      | Reached skill level 3 in Axes
   282 | D:1      | Reached XP level 2. HP: 27/27 MP: 2/2
   772 | D:2      | Found a hazy altar of Hepliaklqana.
   782 | D:2      | Reached XP level 3. HP: 31/34 MP: 3/3
   942 | D:2      | Reached skill level 4 in Axes
  1536 | D:2      | Reached XP level 4. HP: 41/41 MP: 4/4
  1874 | D:3      | Reached skill level 5 in Fighting
  1995 | D:3      | Found a faded altar of an unknown god.
  2010 | D:3      | Got Plato's Volume of Darkness
  2167 | D:3      | Noticed a scorpion
  2177 | D:3      | Killed a scorpion
  2178 | D:3      | Reached skill level 5 in Axes
  2178 | D:3      | Reached XP level 5. HP: 44/49 MP: 5/5
  2262 | D:3      | Found a runed translucent door.
  2263 | D:3      | Noticed Crazy Yiuf
  2870 | D:4      | Reached XP level 6. HP: 50/57 MP: 4/6
  2923 | D:4      | Reached skill level 6 in Axes
  2991 | D:4      | Found a shimmering blue altar of Sif Muna.
  3216 | D:4      | Found an iron altar of Okawaru.
  3400 | D:4      | Found a blossoming altar of Fedhas.
  3526 | D:4      | Found a shimmering altar of Xom.
  3609 | D:5      | Entered Level 5 of the Dungeon
  3700 | D:5      | Noticed Dowan
  3713 | D:4      | Found a basalt altar of Yredelemnul.
  3713 | D:4      | Found a glowing silver altar of Zin.
  3713 | D:4      | Found an opulent altar of Gozag.
  3721 | D:4      | Became a worshipper of Yredelemnul the Dark
  3754 | D:5      | Killed Dowan
  3810 | D:5      | Reached * piety under Yredelemnul
  3811 | D:5      | Reached skill level 7 in Axes
  3811 | D:5      | Reached XP level 7. HP: 53/66 MP: 7/7
  3913 | D:5      | Your ally Dowan died
  4234 | D:5      | Found a sparkling altar of Nemelex Xobeh.
  4317 | D:5      | Noticed Duvessa
  4327 | D:5      | Killed Duvessa
  4328 | D:5      | Reached skill level 8 in Axes
  4329 | D:5      | Reached ** piety under Yredelemnul
  4459 | D:5      | Reached XP level 8. HP: 71/74 MP: 8/8
  4848 | D:6      | Reached skill level 9 in Axes
  5192 | D:6      | Found a runed translucent gate.
  5372 | D:6      | Noticed Prince Ribbit
  5375 | D:6      | Found a runed translucent gate.
  5375 | D:6      | Found an opulent altar of Gozag.
  5383 | D:6      | Found a runed translucent gate.
  5407 | D:6      | Killed Prince Ribbit
  5650 | D:6      | Noticed croobank's ghost (novice GnFE)
  5651 | D:6      | Noticed a manticore
  5665 | D:6      | Found a staircase to the Ecumenical Temple.
  5748 | D:6      | Noticed a two-headed ogre
  5761 | D:6      | Killed a two-headed ogre
  5762 | D:6      | Reached skill level 10 in Fighting
  5762 | D:6      | Reached skill level 10 in Axes
  5762 | D:6      | Reached skill level 5 in Armour
  5762 | D:6      | Reached XP level 9. HP: 66/85 MP: 9/9
  5890 | D:6      | Reached *** piety under Yredelemnul
  6354 | D:6      | Upgraded the game from 0.29-a0-414-g5075937ec3 to
                  | 0.29-a0-416-g83a48905f1
  6439 | D:3      | Killed Crazy Yiuf
  6542 | D:7      | Noticed a four-headed hydra
  6954 | D:7      | Reached skill level 11 in Axes
  6962 | D:6      | HP: 6/129 [poisoned by a wight]
  7468 | D:7      | HP: 4/86 [orc warrior/+0 war axe (10)]
  7473 | D:6      | Slain by an orc warrior

Illustrated notes

Levels and vault maps discovered:
D:1:      wander_arrival_peaceful_grave, layout_basic, serial_glass,
          glass_columns_a, glass_columns_a, hangedman_decor_points, st_stairs_13
D:2:      layout_basic, basic_altar, nrook_mini_backslash
D:3:      layout_basic, shapermc_ecumenical_altar_rom_forum,
          uniq_crazy_yiuf_cottage
D:4:      layout_layer_cave, kennysheep_mini,
          mainiacjoe_overflow_surrounded_room,
          mainiacjoe_overflow_cross_hatched, nicolae_overflow_hidden_temple
D:5:      layout_loops_cross, mainiacjoe_overflow_brackets, uniq_duvessa
D:6:      layout_gridville, minmay_temple_entry_wispy, ebering_ghost_gozag,
          uniq_prince_ribbit1
D:7:      layout_rooms, uniq_menkaure

Skill      XL: |  1  2  3  4  5  6  7  8  9 |
---------------+----------------------------+-----
Axes           | 3 4 5 7 8 10 11 | 11.1
Fighting       | 4 5 6 7 8 10 | 10.5
Armour         | 5 6 |  6.4
Shields        | |  3.2

Action                   |  1- 3 |  4- 6 |  7- 9 || total
-------------------------+-------+-------+-------++-------
Melee: War axe           |    94 |   115 |   170 ||   379
Invok: Recall Undead Har |       |       |     2 ||     2
  Use: Scroll            |       |     6 |     4 ||    10
       Potion            |       |       |     3 ||     3
 Stab: Distracted        |       |       |     1 ||     1
Armor: Scale mail        |    44 |    51 |    59 ||   154
       Skin              |       |       |     3 ||     3
Dodge: Dodged            |    44 |    70 |    57 ||   171
Block: Buckler           |    16 |    23 |    31 ||    70

Table legend: (Time is in decaauts)
 A = Elapsed time spent in this place.
 B = Non-inter-level travel time spent in this place.
 C = Inter-level travel time spent in this place.
 D = Time resting spent in this place.
 E = Time spent auto-exploring this place.
 F = Levels seen in this place.
 G = Mean time per level.
                   A        B        C        D        E       F      G
               +--------+--------+--------+--------+--------+-----+--------+
         Total |   7555 |   7221 |    334 |   1248 |   4877 |   7 | 1079.3 |
       Dungeon |   7555 |   7221 |    334 |   1248 |   4877 |   7 | 1079.3 |
               +--------+--------+--------+--------+--------+-----+--------+

Top non-repeatable levels by time:
     D:6: 2381 daAuts
     D:5: 1223 daAuts
     D:3: 1218 daAuts
     D:2: 931 daAuts
     D:4: 899 daAuts
     D:1: 769 daAuts
     D:7: 132 daAuts
